Map: Ruby Rock LE

Players

HoldTheDoor

  • Race: Protoss Protoss
  • League: Diamond
  • Spawn Location: 11:00

llllllllllll - Winner!

  • Race: Protoss Protoss
  • League: Diamond
  • Spawn Location: 5:00

VOD

Have the link to the VOD?

Description

Time

  • Played on: May 11, 2026, 10:28 a.m.
  • Length: 2:31
Show
View Real Time Build Order
Export as new Build Order

HoldTheDoor Protoss 

Build Orders:  

Get SALT Encoding   

  12  0:00  Probe  
  13  0:12  Probe  
  14  0:17  Pylon  
  14  0:23  Probe  
  15  0:31  Probe  
  15  0:39  Probe  
  15  0:40  Gateway  
  17  0:50  Probe  
  17  0:51  Assimilator  
  18  1:03  Probe  
  19  1:12  Forge  
  19  1:15  Probe  
  20  1:24  Assimilator  
  20  1:25  Zealot  
  20  1:33  Cybernetics Core  
  22  1:42  Pylon  
  22  1:45  Probe  
  23  2:00  Probe  
  24  2:02  Photon Cannon  
  24  2:08  Pylon  
  24  2:18  Photon Cannon  
  22  2:27  Gateway  
Show
View Real Time Build Order
Export as new Build Order

llllllllllll Protoss - Winner!

Build Orders:  

Get SALT Encoding   

  12  0:01  Probe  
  13  0:36  Pylon  
  13  0:56  Gateway x2  
  13  0:59  Gateway  
  13  1:10  Gateway  
  13  1:15  Pylon  
  13  1:36  Zealot  
  13  1:38  Zealot  
  13  1:43  Zealot  
  19  1:52  Zealot  
  19  2:01  Zealot  
  21  2:04  Zealot  
Tags
 
Matchup
PvP
Replay Pack
SC2Mai2026
Spawn Locations
Cross Positions
Add a new tag
Caveats
  • Supply blocks, unpowered buildings, or Contaminate may cause inaccurate times.
  • Supply counts are checked every 10 seconds.